 Dungeon Crawl Stone Soup version 0.22-a0-322-g60b3cfd (webtiles) character file.

12775 JeffiDaFish the Geomancer (level 11, -8/64 HPs)
             Began as a Gargoyle Earth Elementalist on Apr 5, 2018.
             Was a Priest of Vehumet.
             Mangled by pkoi's ghost (35 damage)
             ... on level 2 of the Lair of Beasts.
             The game lasted 00:39:31 (12324 turns).

JeffiDaFish the Geomancer (GrEE)                   Turns: 12324, Time: 00:39:32

Health: -8/64      AC: 15    Str: 11    XL:     11   Next: 98%
Magic:  14/25      EV: 12    Int: 20    God:    Vehumet [***...]
Gold:   452        SH:  0    Dex: 16    Spells: 21/30 levels left

rFire    . . .     SeeInvis .   v - +3 dire flail
rCold    + . .     Gourm    +   (shield currently unavailable)
rNeg     + . .     Faith    .   C - +2 robe {rC+}
rPois    ∞         Spirit   .   o - +1 hat
rElec    +         Reflect  .   y - +0 cloak (curse)
rCorr    .         Harm     .   i - +1 pair of gloves
MR       .....                  (no boots)
Stlth    ++........             r - amulet of the gourmand
HPRegen  0.20/turn              e - +3 ring of dexterity
MPRegen  0.19/turn              a - +3 ring of dexterity

@: no status effects
A: hooves 2, deformed body, negative energy resistance 1, electricity
resistance, wild magic 1, unbreathing, petrification resistance, rot immunity,
AC +8
a: Renounce Religion


You were on level 2 of the Lair of Beasts.
You worshipped Vehumet.
Vehumet was most pleased with you.
You were completely stuffed.

You visited 3 branches of the dungeon, and saw 11 of its levels.

You collected 452 gold pieces.

Inventory:

Hand Weapons
 f - a +1 short sword
 v - a +3 dire flail (weapon)
Missiles
 b - 285 stones (quivered)
Armour
 i - a +1 pair of gloves (worn)
 o - a +1 hat (worn)
 t - a +0 robe
 y - a cursed +0 cloak (worn)
 C - a +2 robe of cold resistance (worn)
Jewellery
 a - a +3 ring of dexterity (right hand)
 e - a +3 ring of dexterity (left hand)
 m - an uncursed ring of see invisible
 p - an uncursed amulet of magic regeneration
 q - an uncursed ring of ice
 r - an amulet of the gourmand (around neck)
Wands
 h - a wand of iceblast (9)
 x - a wand of digging (12)
 D - a wand of scattershot (6)
Scrolls
 g - 8 scrolls of teleportation
 j - 3 scrolls of amnesia
 l - 5 scrolls of remove curse
 w - 4 scrolls of magic mapping
Potions
 c - 2 potions of mutation
 k - 2 potions of ambrosia
 s - 3 potions of curing
 u - a potion of flight
 z - 2 potions of haste
 A - a potion of brilliance
 B - a potion of agility
Comestibles
 d - 27 rations


   Skills:
 + Level 6.2 Fighting
 + Level 4.7 Maces & Flails
 - Level 1.5 Dodging
 - Level 2.2 Stealth
 * Level 10.0 Spellcasting
 * Level 9.1 Conjurations
   Level 0.7 Transmutations
 * Level 12.8 Earth Magic


You had 21 spell levels left.
You knew the following spells:

 Your Spells              Type           Power        Failure   Level  Hunger
a - Sandblast             Erth           ######       1%          1    None
b - Stone Arrow           Conj/Erth      ######       1%          3    None
c - Lee's Rapid Deconstr  Erth           ######....   1%          5    ####...


Dungeon Overview and Level Annotations

Branches:
Dungeon (8/15)             Temple (1/1) D:6            Lair (2/6) D:8
  Swamp: Lair:2-4    Shoals: Lair:2-4     Snake: Lair:2-4    Spider: Lair:2-4

Altars:
Ashenzari
Dithmenos
Hepliaklqana
Okawaru
Qazlal
Ru
Sif Muna
Vehumet
Wu Jian
The Shining One

Shops:
D:4 =

Annotations:
Lair:2 pkoi's ghost, journeyman GrFi


Innate Abilities, Weirdness & Mutations

You are resistant to torment.
Your stone body is resilient. (AC +8)
You are immune to poison.
You resist negative energy. (rN+)
You are resistant to electric shocks. (rElec)
You can survive without breathing.
You are immune to petrification.
You are immune to rotting.
You have hoof-like feet.
Armour fits poorly on your strangely shaped body.
Your spells are a little harder to cast, but a little more powerful.


Message History

Pkoi's ghost completely misses you.
Casting: Stone Arrow (safe; 1% risk of failure)
Confirm with . or Enter, or press ? or * to list all spells.
Aiming: Stone Arrow (safe; 1% risk of failure)
Press: ? - help, Shift-Dir - straight line, f/p - pkoi's ghost
Aim: pkoi's ghost, wielding a weapon of venom (moderately damaged)
The stone arrow hits pkoi's ghost.
Pkoi's ghost is moderately damaged.
Pkoi's ghost hits you.
Casting: Stone Arrow (safe; 1% risk of failure)
Confirm with . or Enter, or press ? or * to list all spells.
Aiming: Stone Arrow (safe; 1% risk of failure)
Press: ? - help, Shift-Dir - straight line, f/p - pkoi's ghost
Aim: pkoi's ghost, wielding a weapon of venom (moderately damaged)
The stone arrow hits pkoi's ghost.
Pkoi's ghost is moderately damaged.
Pkoi's ghost hits you!! Pkoi's ghost hits you!!
Ouch! That really hurt!
You die...

......#
#.......##....##'#.P.
..P..##
#......#####......####
....## # ###..#.#
#....#..#### .....#
#.#......####.........#
....PP.
..........###.........#
.......
#.......#.##.........#
.....
#...................#
....
#......#............##
....
#....@W...#..........#
....
#........#..........##
###
#......P###.........#
#####.P.# #P##....###
###### #.### #####..##
.....## #.## #...#
#...#.# #..# #..###
...'..# ##.##
######'#.# ......###
##..## #........#


You could see pkoi's ghost.

Vanquished Creatures
  Fannar (Lair:2)
  A hydra (Lair:2)
  Erica (D:8)
  A two-headed ogre (D:6)
  Nergalle (Lair:2)
  Pikel (D:8)
  Psyche (D:8)
  A spiny frog (Lair:2)
  A komodo dragon (Lair:2)
  A troll (D:8)
  Grinder (D:3)
  3 hippogriffs
  7 yaks
  A wyvern (D:8)
  4 hogs (D:8)
  A human (D:8)
  3 water moccasins
  Duvessa (D:4)
  7 porcupines
  An ice beast (D:6)
  A black bear (Lair:1)
  2 orc warriors
  A sky beast (D:6)
  6 ogres
  3 phantoms
  3 centaurs
  9 crocodiles
  A big kobold (D:8)
  6 bullfrogs
  Dowan (D:4)
  4 killer bees (D:8)
  4 howler monkeys
  4 crimson imps
  2 jellies
  3 centaur zombies
  6 orc priests
  5 hounds
  Crazy Yiuf (D:7)
  An iguana (D:4)
  13 orc wizards
  A killer bee zombie (D:6)
  3 worker ants
  A howler monkey zombie (D:5)
  A worker ant zombie (D:7)
  3 gnolls (D:7)
  9 adders
  3 shadow imps
  An ooze (D:4)
  5 worms
  5 dart slugs
  7 leopard geckos
  40 orcs
  A ball python (D:6)
  6 giant cockroaches
  12 goblins
  13 hobgoblins
  9 jackals
  7 quokkas
  9 bats
  11 frilled lizards
  A giant cockroach zombie (D:6)
  A jackal skeleton (D:7)
  10 kobolds
  9 rats
283 creatures vanquished.

Vanquished Creatures (others)
  3 slaves (D:8)
  An orc (D:8)
  A kobold (D:8)
  3 bushes (D:8)
  7 fungi
  8 plants
23 creatures vanquished.

Grand Total: 306 creatures vanquished

Notes
Turn   | Place    | Note
-------+----------+-------------------------------------------
     0 | D:1      | JeffiDaFish the Gargoyle Earth Elementalist began the quest for the Orb.
     0 | D:1      | Reached XP level 1. HP: 10/10 MP: 3/3
   528 | D:1      | Reached XP level 2. HP: 15/15 MP: 0/5
   536 | D:1      | Reached skill level 4 in Earth Magic
   957 | D:1      | Reached XP level 3. HP: 19/19 MP: 5/7
  1506 | D:2      | Found a shadowy altar of Dithmenos.
  1713 | D:2      | Learned a level 3 spell: Stone Arrow
  1858 | D:2      | Reached XP level 4. HP: 24/24 MP: 1/8
  1941 | D:2      | Found a faded altar of an unknown god.
  2679 | D:3      | Reached skill level 5 in Earth Magic
  2695 | D:3      | Gained mutation: You have large cloven feet. [potion of mutation]
  2695 | D:3      | Gained mutation: Armour fits poorly on your strangely shaped body. [potion of mutation]
  2695 | D:3      | Gained mutation: Your spells are a little harder to cast, but a little more powerful. [potion of mutation]
  2695 | D:3      | Gained mutation: You have hoof-like feet. [potion of mutation]
  2764 | D:3      | Reached XP level 5. HP: 15/28 MP: 8/10
  3283 | D:3      | Noticed Grinder
  3314 | D:3      | Killed Grinder
  3314 | D:3      | Reached skill level 6 in Earth Magic
  3314 | D:3      | Reached XP level 6. HP: 14/32 MP: 0/13
  3782 | D:4      | Reached skill level 5 in Spellcasting
  3782 | D:4      | Reached skill level 7 in Earth Magic
  3782 | D:4      | Reached XP level 7. HP: 36/36 MP: 7/14
  3842 | D:4      | Noticed Duvessa
  4263 | D:4      | Reached skill level 8 in Earth Magic
  4329 | D:4      | Found Goner's Jewellery Shoppe.
  4378 | D:4      | Reached XP level 8. HP: 41/41 MP: 11/16
  4458 | D:4      | Found a glowing golden altar of the Shining One.
  4540 | D:4      | Noticed Dowan
  4544 | D:4      | Killed Duvessa
  4548 | D:4      | Killed Dowan
  4897 | D:5      | Entered Level 5 of the Dungeon
  4994 | D:5      | Reached skill level 1 in Conjurations
  5002 | D:5      | Reached skill level 9 in Earth Magic
  5111 | D:5      | Reached skill level 1 in Fighting
  5808 | D:6      | Noticed a two-headed ogre
  5813 | D:6      | Killed a two-headed ogre
  5813 | D:6      | Reached skill level 10 in Earth Magic
  5813 | D:6      | Reached XP level 9. HP: 49/49 MP: 2/20
  5988 | D:6      | Learned a level 5 spell: Lee's Rapid Deconstruction
  6083 | D:6      | Found a stormy altar of Qazlal.
  6513 | D:6      | Reached skill level 1 in Maces & Flails
  6709 | D:6      | Found a staircase to the Ecumenical Temple.
  6716 | Temple   | Entered the Ecumenical Temple
  6722 | Temple   | Became a worshipper of Vehumet
  7184 | D:7      | Reached skill level 5 in Conjurations
  7266 | D:7      | Found a deep blue altar of Sif Muna.
  7347 | D:7      | Reached * piety under Vehumet
  7347 | D:7      | Offered knowledge of Flame Tongue by Vehumet.
  7478 | D:7      | Reached XP level 10. HP: 47/56 MP: 18/22
  7738 | D:7      | Identified Sif Muna's Catalogue of Good Luck
  7916 | D:7      | Found a runed door.
  7920 | D:7      | Noticed Crazy Yiuf
  7924 | D:7      | Killed Crazy Yiuf
  8262 | D:8      | Reached skill level 11 in Earth Magic
  8263 | D:8      | Noticed Psyche
  8267 | D:8      | Killed Psyche
  8383 | D:8      | Noticed Erica
  8386 | D:8      | Noticed Pikel
  8406 | D:8      | Killed Pikel
  8593 | D:8      | Offered knowledge of Shock by Vehumet.
  8606 | D:8      | Reached ** piety under Vehumet
  8891 | D:8      | Found a staircase to the Lair.
  8955 | D:8      | Killed Erica
  8955 | D:8      | Reached skill level 5 in Fighting
  8955 | D:8      | Reached XP level 11. HP: 62/63 MP: 7/24
  9062 | D:8      | Reached skill level 12 in Earth Magic
  9318 | D:8      | Found a sacrificial altar of Ru.
  9399 | Lair:1   | Entered Level 1 of the Lair of Beasts
  9413 | Lair:1   | Identified the Tome of Air and Changing
 10167 | Lair:2   | Noticed pkoi's ghost (journeyman GrFi)
 10362 | Lair:2   | Offered knowledge of Searing Ray by Vehumet.
 10907 | Lair:2   | Noticed Nergalle
 10911 | Lair:2   | Noticed Fannar
 10912 | Lair:2   | Killed Nergalle
 10943 | Lair:2   | Killed Fannar
 11166 | Lair:2   | Reached *** piety under Vehumet
 11844 | Lair:2   | Noticed a six-headed hydra
 11847 | Lair:2   | Killed a six-headed hydra
 11847 | Lair:2   | Reached skill level 10 in Spellcasting
 12324 | Lair:2   | Mangled by pkoi's ghost

Vault maps used:
D:1:      scummos_arrival_checkerplants
D:2:      lemuel_round_altar, chequers_ecumenical_altar_simple_redux,
          first_ration
D:3:      uniq_grinder
D:4:      tso_oasis_becter, serial_shops, kennysheep_little_box, st_stairs_11,
          uniq_duvessa
D:6:      corexii_shack_village, old_standard_altar, temple_green
D:7:      led_sif_book, hex_medium, uniq_crazy_yiuf_cottage
D:8:      kennysheep_mini_moat, minmay_lair_entry_grove,
          minmay_misc_feat_ornament, grunt_livestock, uniq_psyche, uniq_erica,
          uniq_pikel
Temple:   eino_temple_rhombus
Lair:1:   serial_bayou_shore_a
Lair:2:   minivault_11, uniq_fannar, uniq_nergalle

Skill      XL: |  1  2  3  4  5  6  7  8  9 10 11 |
---------------+----------------------------------+-----
Earth Magic    | 4 5 6 7 8 10 11 12 | 12.8
Spellcasting   | 3 4 5 7 8 9 10 | 10.0
Conjurations   | 4 5 7 9 |  9.1
Fighting       | 2 3 5 6 |  6.2
Maces & Flails | 1 3 4 |  4.7
Dodging        | |  1.5
Stealth        | |  2.2
Transmutations | |  0.7

Action                   |  1- 3 |  4- 6 |  7- 9 | 10-12 || total
-------------------------+-------+-------+-------+-------++-------
Melee: Unarmed           |    42 |       |       |       ||    42
       Short sword       |    41 |   110 |    61 |       ||   212
       Kick              |       |    10 |    40 |    30 ||    80
       Dire flail        |       |       |    78 |   124 ||   202
 Cast: Sandblast         |    37 |    29 |    63 |    57 ||   186
       Stone Arrow       |     2 |    10 |    31 |    78 ||   121
       Lee's Rapid Decon |       |       |    12 |    17 ||    29
  Use: Scroll            |     3 |     1 |    11 |     2 ||    17
       Potion            |     3 |     5 |     4 |     2 ||    14
 Stab: Sleeping          |     4 |     1 |     4 |     2 ||    11
  Eat: Chunk             |     3 |     7 |    27 |    19 ||    56
Armor: Robe              |    28 |    56 |    56 |    65 ||   205
Dodge: Dodged            |    47 |    97 |   101 |    95 ||   340

Table legend:
 A = Spawn XP
 B = Non-spawn XP
 C = Spawn XP percentage of total XP
 D = Spawn monster count
 E = Non-spawn monster count
 F = Spawn count percentage of total count
 G = Total turns spent on level
                    A         B        C        D         E        F      G
               +---------+---------+-------+---------+---------+-------+---------
         Total |       0 |   18251 |   0.0 |       0 |     283 |   0.0 | 12324
               +---------+---------+-------+---------+---------+-------+---------
           D:1 |       0 |      54 |   0.0 |       0 |      30 |   0.0 |  1435
           D:2 |       0 |      56 |   0.0 |       0 |      26 |   0.0 |  1239
           D:3 |       0 |     444 |   0.0 |       0 |      34 |   0.0 |  1103
           D:4 |       0 |     981 |   0.0 |       0 |      26 |   0.0 |  1120
           D:5 |       0 |     472 |   0.0 |       0 |      18 |   0.0 |   858
           D:6 |       0 |    1828 |   0.0 |       0 |      33 |   0.0 |  1075
           D:7 |       0 |    1367 |   0.0 |       0 |      42 |   0.0 |  1319
           D:8 |       0 |    6253 |   0.0 |       0 |      48 |   0.0 |  1237
        Lair:1 |       0 |    1104 |   0.0 |       0 |       8 |   0.0 |  1429
        Lair:2 |       0 |    5692 |   0.0 |       0 |      18 |   0.0 |  1496
               +---------+---------+-------+---------+---------+-------+---------
